BR (22 & UNDER)
PALMYRA OVERLORDS @ PUNTA CANA HUTIAS
09/05/2029
 
TOP OF THE 1ST
Palmyra Overlords batting - Pitching for Punta Cana Hutias : RHP Greg Woods
Pitching: RHP Greg Woods
Batting: RHB Enrico Castro 0-0: Ground out U3 (Groundball, 3L)
Batting: LHB José Marín 0-0: Called Strike
0-1: Ball
1-1: Ground out 5-3 (Groundball, 56)
Batting: RHB José Gonzáles 0-0: Foul Ball, location: 2F
0-1: SINGLE (Groundball, 56D)
Batting: LHB Claudio Arce 0-0: Foul Ball, location: 2F
0-1: Ball
1-1: Hit by Pitch
José Gonzáles to second
Batting: LHB Howard Anderson 0-0: Foul Ball, location: 2F
0-1: Hit by Pitch
José Gonzáles to third
Claudio Arce to second
Batting: LHB Chris Hutchison 0-0: Called Strike
0-1: Foul Ball, location: 2F
0-2: Fly out, F6 (Popup, 6D)
Top of the 1st over - 0 runs, 1 hit, 0 errors, 3 left on base; Palmyra 0 - Punta Cana 0
BOTTOM OF THE 1ST
Punta Cana Hutias batting - Pitching for Palmyra Overlords : LHP Ramón Sánchez
Pitching: LHP Ramón Sánchez
Batting: LHB Dave Watkins 0-0: Ball
1-0: Called Strike
1-1: Foul Ball, location: 2F
1-2: Ball
2-2: SINGLE (Line Drive, 8RS)
Batting: LHB Tony Ríos 0-0: Ball
1-0: Grounds into double play, 5-4-3 (Groundball, 56)
Batting: RHB Mike Martínez 0-0: Ball
1-0: Fly out, F9 (Line Drive, 9)
Bottom of the 1st over - 0 runs, 1 hit, 0 errors, 0 left on base; Palmyra 0 - Punta Cana 0
TOP OF THE 2ND
Palmyra Overlords batting - Pitching for Punta Cana Hutias : RHP Greg Woods
Batting: RHB Tom Robinson 0-0: Swinging Strike
0-1: Hit by Pitch
Batting: RHB Jesús Salazar 0-0: Fly out, F3 (Popup, 23)
Batting: LHB José Gómez 0-0: Ball
1-0: Fly out, F7 (Flyball, 78S)
Batting: RHB Enrico Castro 0-0: Called Strike
0-1: Ball
1-1: Called Strike
1-2: Strikes out looking
Top of the 2nd over - 0 runs, 0 hits, 0 errors, 1 left on base; Palmyra 0 - Punta Cana 0
BOTTOM OF THE 2ND
Punta Cana Hutias batting - Pitching for Palmyra Overlords : LHP Ramón Sánchez
Batting: RHB Alfonso Huerta 0-0: Ball
1-0: Called Strike
1-1: Ball
2-1: Ground out 2-3 (Groundball, 15S)
Batting: LHB Luis García 0-0: Foul Ball, location: 2F
0-1: Called Strike
0-2: Ball
1-2: Strikes out swinging
Batting: RHB Alfredo Bernard 0-0: Ball
1-0: Called Strike
1-1: Called Strike
1-2: Ball
2-2: Foul Ball, location: 2F
2-2: Fly out, F7 (Flyball, 7LM)
Bottom of the 2nd over - 0 runs, 0 hits, 0 errors, 0 left on base; Palmyra 0 - Punta Cana 0
TOP OF THE 3RD
Palmyra Overlords batting - Pitching for Punta Cana Hutias : RHP Greg Woods
Batting: LHB José Marín 0-0: Called Strike
0-1: Ball
1-1: Called Strike
1-2: Foul Ball, location: 2F
1-2: Strikes out looking
Batting: RHB José Gonzáles 0-0: Ball
1-0: Ground out 5-3 (Groundball, 56S)
Batting: LHB Claudio Arce 0-0: Ball
1-0: Ground out 6-3 (Groundball, 6)
Top of the 3rd over - 0 runs, 0 hits, 0 errors, 0 left on base; Palmyra 0 - Punta Cana 0
BOTTOM OF THE 3RD
Punta Cana Hutias batting - Pitching for Palmyra Overlords : LHP Ramón Sánchez
Batting: LHB Harry Davis 0-0: Called Strike
0-1: Called Strike
0-2: Ground out 6-3 (Groundball, 6)
Batting: LHB Don MacNeill 0-0: Called Strike
0-1: Swinging Strike
0-2: Ball
1-2: Strikes out swinging
Batting: LHB Jorge Ramírez 0-0: Foul Ball, location: 2F
0-1: Swinging Strike
0-2: Strikes out swinging
Bottom of the 3rd over - 0 runs, 0 hits, 0 errors, 0 left on base; Palmyra 0 - Punta Cana 0
TOP OF THE 4TH
Palmyra Overlords batting - Pitching for Punta Cana Hutias : RHP Greg Woods
Batting: LHB Howard Anderson 0-0: Ball
1-0: Ball
2-0: Called Strike
2-1: Ball
3-1: Base on Balls
Batting: LHB Chris Hutchison 0-0: Ball
1-0: Ball
2-0: Called Strike
2-1: DOUBLE (Flyball, 78D)
Howard Anderson to third
Batting: RHB Tom Robinson 0-0: Foul Ball, location: 2F
0-1: Ball
1-1: Ball
2-1: SINGLE (Groundball, 6MD)
Howard Anderson scores
Chris Hutchison to third
Batting: RHB Jesús Salazar 0-0: Ball
1-0: Called Strike
1-1: Ball
2-1: Called Strike
2-2: Fly out, F8 (Flyball, 8RD)
Runner from 3rd tags up, SCORES, throw made
Batting: LHB José Gómez 0-0: Called Strike
0-1: Swinging Strike
0-2: Ball
1-2: Ball
2-2: Foul Ball, location: 2F
2-2: Strikes out looking
Batting: RHB Enrico Castro 0-0: Foul Ball, location: 2F
0-1: Ball
1-1: Ball
2-1: Fly out, F8 (Line Drive, 89D)
Top of the 4th over - 2 runs, 2 hits, 0 errors, 1 left on base; Palmyra 2 - Punta Cana 0
BOTTOM OF THE 4TH
Punta Cana Hutias batting - Pitching for Palmyra Overlords : LHP Ramón Sánchez
Batting: LHB Dave Watkins 0-0: Called Strike
0-1: Ball
1-1: Foul Ball, location: 2F
1-2: Strikes out looking
Batting: LHB Tony Ríos 0-0: Ball
1-0: Fly out, F5 (Popup, 5)
Batting: RHB Mike Martínez 0-0: Ground out 4-3 (Groundball, 34)
Bottom of the 4th over - 0 runs, 0 hits, 0 errors, 0 left on base; Palmyra 2 - Punta Cana 0
TOP OF THE 5TH
Palmyra Overlords batting - Pitching for Punta Cana Hutias : RHP Greg Woods
Batting: LHB José Marín 0-0: Bunt for hit - play at first, batter safe!
Batting: RHB José Gonzáles 0-0: Ball
1-0: Ball
Wild Pitch!
José Marín to second
2-0: Ball
3-0: Called Strike
3-1: Called Strike
3-2: Foul Ball, location: 2F
3-2: SINGLE (Groundball, 6MD)
José Marín to third
Runner from 3rd tries for Home, SAFE, no throw
Batting: LHB Claudio Arce 0-0: Ball
1-0: Ball
2-0: Called Strike
2-1: Fielders Choice at 2nd, 1-6 (Groundball, P)
Batting: LHB Howard Anderson 0-0: Foul Ball, location: 2F
0-1: Foul Ball, location: 2F
0-2: Ball
1-2: Ball
2-2: Grounds into double play, 4-6-3 (Groundball, 34)
Top of the 5th over - 1 run, 2 hits, 0 errors, 0 left on base; Palmyra 3 - Punta Cana 0
BOTTOM OF THE 5TH
Punta Cana Hutias batting - Pitching for Palmyra Overlords : LHP Ramón Sánchez
Batting: RHB Alfonso Huerta 0-0: Foul Ball, location: 2F
0-1: Ball
1-1: Swinging Strike
1-2: Ball
2-2: SINGLE (Groundball, 4S) (infield hit)
Batting: LHB Luis García 0-0: Ball
1-0: Swinging Strike
1-1: Swinging Strike
1-2: Fly out, F9 (Flyball, 9S)
Batting: RHB Alfredo Bernard 0-0: Ball
1-0: Foul Ball, location: 2F
1-1: Swinging Strike
1-2: SINGLE (Line Drive, 9S)
Alfonso Huerta to second
Batting: LHB Harry Davis 0-0: Called Strike
0-1: Called Strike
0-2: Ball
1-2: 3-RUN HOME RUN (Flyball, 9LD), Distance : 361 ft
Batting: LHB Don MacNeill 0-0: Foul Ball, location: 2F
0-1: Ball
1-1: Fly out, F4 (Popup, 4MD)
Batting: LHB Jorge Ramírez 0-0: Ball
1-0: Foul Ball, location: 2F
1-1: Foul Ball, location: 2F
1-2: Ball
2-2: Fly out, F7 (Flyball, 7S)
Bottom of the 5th over - 3 runs, 3 hits, 0 errors, 0 left on base; Palmyra 3 - Punta Cana 3
TOP OF THE 6TH
Palmyra Overlords batting - Pitching for Punta Cana Hutias : RHP Greg Woods
Batting: LHB Chris Hutchison 0-0: Foul Ball, location: 2F
0-1: Ball
1-1: Ground out 6-3 (Groundball, 6)
Batting: RHB Tom Robinson 0-0: Ball
1-0: Swinging Strike
1-1: Foul Ball, location: 2F
1-2: Foul Ball, location: 2F
1-2: Ball
2-2: Ball
3-2: SINGLE (Line Drive, 6)
Batting: RHB Jesús Salazar 0-0: Ball
1-0: Called Strike
1-1: Ball
2-1: Ground out 3-1 (Groundball, 34S)
Tom Robinson to second
Batting: LHB José Gómez 0-0: Ball
1-0: Ball
2-0: Fly out, F7 (Flyball, 7LM)
Top of the 6th over - 0 runs, 1 hit, 0 errors, 1 left on base; Palmyra 3 - Punta Cana 3
BOTTOM OF THE 6TH
Punta Cana Hutias batting - Pitching for Palmyra Overlords : LHP Ramón Sánchez
Batting: LHB Dave Watkins 0-0: Foul Ball, location: 2F
0-1: Foul Ball, location: 2F
0-2: Ball
1-2: Ball
2-2: Ball
3-2: SINGLE (Groundball, 34D)
Batting: LHB Tony Ríos 0-0: Ball
1-0: Ball
2-0: SINGLE (Flyball, 7S)
Dave Watkins to second
Batting: RHB Mike Martínez 0-0: Ball
1-0: Fly out, F8 (Flyball, 89S)
Batting: RHB Alfonso Huerta 0-0: SINGLE (Groundball, 5D)
Dave Watkins to third
Tony Ríos to second
Runner from 3rd tries for Home, SAFE, no throw
Batting: LHB Luis García 0-0: Ball
Wild Pitch!
Tony Ríos to third
Alfonso Huerta to second
1-0: Intentional Walk
Batting: RHB Alfredo Bernard 0-0: Called Strike
0-1: Called Strike
0-2: Fly out, F8 (Flyball, 89D)
Runner from 3rd tags up, OUT at HOME
Bottom of the 6th over - 1 run, 3 hits, 0 errors, 2 left on base; Palmyra 3 - Punta Cana 4
TOP OF THE 7TH
Palmyra Overlords batting - Pitching for Punta Cana Hutias : RHP Greg Woods
Batting: RHB Enrico Castro 0-0: Foul Ball, location: 2F
0-1: Ball
1-1: Ball
2-1: Ball
3-1: Foul Ball, location: 2F
3-2: Foul Ball, location: 2F
3-2: Ground out U3 (Groundball, 3)
Pitching: RHP Ed Castillo
Batting: LHB José Marín 0-0: Ball
1-0: SINGLE (Flyball, 78S)
Batting: RHB José Gonzáles 0-0: Ball
1-0: Called Strike
1-1: Ball
José Marín steals 2nd base
2-1: SINGLE (Flyball, 9LM)
José Marín to third
Runner from 3rd tries for Home, SAFE, throw made home
José Gonzáles to second
Batting: LHB Claudio Arce 0-0: Foul Ball, location: 2F
0-1: Ground out 6-3 (Groundball, 6M)
José Gonzáles to third
Batting: LHB Howard Anderson 0-0: Ball
1-0: Ball
2-0: Foul Ball, location: 2F
2-1: Foul Ball, location: 2F
2-2: Fly out, F4 (Popup, 34D)
Top of the 7th over - 1 run, 2 hits, 0 errors, 1 left on base; Palmyra 4 - Punta Cana 4
BOTTOM OF THE 7TH
Punta Cana Hutias batting - Pitching for Palmyra Overlords : LHP Ramón Sánchez
Pitching: RHP Brodie Costello
Batting: LHB Harry Davis 0-0: Called Strike
0-1: Ball
1-1: Ground out 4-3 (Groundball, 4)
Pitching: LHP José López
Pinch Hitting: RHB Ricardo Murillo 0-0: Swinging Strike
0-1: Ball
1-1: Ground out 6-3 (Groundball, 6)
Pinch Hitting: RHB Luis Chávez 0-0: Called Strike
0-1: Ball
1-1: Foul Ball, location: 2F
1-2: Ball
2-2: SINGLE (Line Drive, 4D)
Pinch Hitting: RHB José Matos 0-0: Foul Ball, location: 2F
0-1: Called Strike
Luis Chávez is caught stealing 2nd base
Bottom of the 7th over - 0 runs, 1 hit, 0 errors, 0 left on base; Palmyra 4 - Punta Cana 4
TOP OF THE 8TH
Palmyra Overlords batting - Pitching for Punta Cana Hutias : RHP Ed Castillo
Now at 2B: Ricardo Murillo
Now in CF: Argaw Omitra
Batting: LHB Chris Hutchison 0-0: Called Strike
Now in RF: Luis Chávez 0-1: Ball
1-1: Fly out, F7 (Flyball, 78S)
Pinch Hitting: LHB Miguel Gamboa 0-0: Foul Ball, location: 2F
0-1: Ball
1-1: Fly out, F7 (Flyball, 7D)
Pinch Hitting: LHB Jaime Flores 0-0: Ball
1-0: Called Strike
1-1: Called Strike
1-2: SINGLE (Flyball, 7S)
Pinch Hitting: SHB Fred Noble 0-0: Called Strike
0-1: SINGLE (Line Drive, 6D)
Jaime Flores to second
Batting: RHB Enrico Castro 0-0: Called Strike
0-1: Ball
1-1: Ground out 4-3 (Groundball, 4)
Top of the 8th over - 0 runs, 2 hits, 0 errors, 2 left on base; Palmyra 4 - Punta Cana 4
BOTTOM OF THE 8TH
Punta Cana Hutias batting - Pitching for Palmyra Overlords : LHP José López
Pitching: RHP José Ortega
Now at 1B: Jaime Flores
Now at 3B: Rafael Castro
Now in LF: Fred Noble
Pinch Hitting: LHB Norberto Garza 0-0: Ball
1-0: Called Strike
1-1: Fly out, F7 (Flyball, 78S)
Batting: LHB Tony Ríos 0-0: Foul Ball, location: 2F
0-1: Foul Ball, location: 2F
0-2: Strikes out swinging
Batting: RHB Mike Martínez 0-0: Ball
1-0: Called Strike
1-1: Ground out 4-3 (Groundball, 4)
Bottom of the 8th over - 0 runs, 0 hits, 0 errors, 0 left on base; Palmyra 4 - Punta Cana 4
TOP OF THE 9TH
Palmyra Overlords batting - Pitching for Punta Cana Hutias : RHP Ed Castillo
Pitching: RHP Andrew Shannon
Now in CF: Miguel Gutiérrez
Batting: LHB José Marín 0-0: Ball
1-0: Foul Ball, location: 2F
1-1: Ball
2-1: Ball
3-1: Swinging Strike
3-2: Strikes out looking
Batting: RHB José Gonzáles 0-0: Fly out, F8 (Flyball, 8LD)
Batting: LHB Claudio Arce 0-0: Hit by Pitch
Batting: LHB Howard Anderson 0-0: Ball
1-0: Fly out, F4 (Popup, 3D)
Top of the 9th over - 0 runs, 0 hits, 0 errors, 1 left on base; Palmyra 4 - Punta Cana 4
BOTTOM OF THE 9TH
Punta Cana Hutias batting - Pitching for Palmyra Overlords : RHP José Ortega
Batting: RHB Alfonso Huerta 0-0: Foul Ball, location: 2F
0-1: Called Strike
0-2: Ball
1-2: Ball
2-2: Ball
3-2: Fly out, F8 (Flyball, 8RD)
Batting: LHB Luis García 0-0: Called Strike
0-1: Ball
1-1: Ball
2-1: Ball
3-1: Base on Balls
Pinch Runner at 1st Paul Starr:
Pinch Hitting: LHB Manuel Cavazos 0-0: Called Strike
0-1: Ball
1-1: Ball
2-1: Swinging Strike
2-2: Foul Ball, location: 2F
2-2: Strikes out swinging
Batting: LHB Harry Davis 0-0: Called Strike
0-1: Called Strike
Paul Starr steals 2nd base
0-2: Ball
1-2: Foul Ball, location: 2F
1-2: Ground out 5-3 (Groundball, 56)
Bottom of the 9th over - 0 runs, 0 hits, 0 errors, 1 left on base; Palmyra 4 - Punta Cana 4
TOP OF THE 10TH
Palmyra Overlords batting - Pitching for Punta Cana Hutias : RHP Andrew Shannon
Now at C: Juan Alaniz
Now in RF: Paul Starr
Batting: LHB Chris Hutchison 0-0: Called Strike
0-1: Called Strike
0-2: Ball
1-2: Ball
2-2: Strikes out looking
Pinch Hitting: RHB Gonzalo Hernández 0-0: Ball
1-0: Called Strike
1-1: Ball
2-1: Called Strike
2-2: Ball
3-2: Fly out, F9 (Flyball, 9S)
Batting: LHB Jaime Flores 0-0: Foul Ball, location: 2F
0-1: Ball
1-1: Foul Ball, location: 2F
1-2: Ball
2-2: Ball
3-2: Hit by Pitch
Batting: SHB Fred Noble 0-0: Foul Ball, location: 2F
0-1: Called Strike
0-2: Fly out, F7 (Flyball, 7D)
Top of the 10th over - 0 runs, 0 hits, 0 errors, 1 left on base; Palmyra 4 - Punta Cana 4
BOTTOM OF THE 10TH
Punta Cana Hutias batting - Pitching for Palmyra Overlords : RHP José Ortega
Now at 3B: José Acuńa
Batting: RHB Ricardo Murillo 0-0: Foul Ball, location: 2F
0-1: Called Strike
0-2: Ball
1-2: SINGLE (Groundball, 34S) (infield hit)
Batting: RHB Luis Chávez 0-0: Called Strike
Ricardo Murillo is caught stealing 2nd base
0-1: Ball
1-1: Ball
2-1: Foul Ball, location: 2F
2-2: Ball
3-2: Fly out, F8 (Flyball, 89M)
Pinch Hitting: LHB Matt McCormick 0-0: Ball
1-0: Called Strike
1-1: Ground out U3 (Groundball, 3S)
Bottom of the 10th over - 0 runs, 1 hit, 0 errors, 0 left on base; Palmyra 4 - Punta Cana 4
TOP OF THE 11TH
Palmyra Overlords batting - Pitching for Punta Cana Hutias : RHP Andrew Shannon
Pitching: LHP Arthur Warren
Now at 2B: Eddie Ríos
Batting: RHB Enrico Castro 0-0: Ball
1-0: Ball
2-0: Swinging Strike
2-1: Foul Ball, location: 2F
2-2: Strikes out swinging
Batting: LHB José Marín 0-0: Called Strike
0-1: SINGLE (Groundball, 6MD)
Batting: RHB José Gonzáles 0-0: Swinging Strike
0-1: Ball
1-1: Ball
2-1: SINGLE (Groundball, 6MD)
José Marín to second
Batting: LHB Claudio Arce 0-0: Swinging Strike
0-1: SINGLE (Groundball, 3D)
José Marín to third
José Gonzáles to second
Runner from 3rd tries for Home, SAFE, throw made home
Batting: LHB Howard Anderson 0-0: Called Strike
0-1: Foul Ball, location: 2F
0-2: Fly out, F7 (Flyball, 7LS)
Batting: LHB Chris Hutchison 0-0: Ball
1-0: Foul Ball, location: 2F
1-1: Called Strike
1-2: Ball
2-2: Ball
3-2: Ground out 4-3 (Groundball, 34D)
Top of the 11th over - 1 run, 3 hits, 0 errors, 2 left on base; Palmyra 5 - Punta Cana 4
BOTTOM OF THE 11TH
Punta Cana Hutias batting - Pitching for Palmyra Overlords : RHP José Ortega
Batting: LHB Tony Ríos 0-0: Called Strike
0-1: Ball
1-1: Ball
2-1: Ball
3-1: Called Strike
3-2: Strikes out swinging
Batting: RHB Mike Martínez 0-0: Ball
1-0: Foul Ball, location: 2F
1-1: SINGLE (Groundball, 34) (infield hit)
Batting: RHB Alfonso Huerta 0-0: Ball
1-0: Ball
2-0: Called Strike
2-1: Ball
3-1: Base on Balls
Mike Martínez to second
Batting: LHB Paul Starr 0-0: Ball
1-0: Ground out 6-3 (Groundball, 6S)
Mike Martínez to third
Alfonso Huerta to second
Batting: RHB Juan Alaniz 0-0: Called Strike
0-1: Called Strike
0-2: Foul Ball, location: 2F
0-2: Strikes out looking
Bottom of the 11th over - 0 runs, 1 hit, 0 errors, 2 left on base; Palmyra 5 - Punta Cana 4
Saturday, December 16th, 2017 - OOTP Baseball 18.8 Build 76